 Dungeon Crawl Stone Soup version 0.27.1-33-g824d729ab1 (webtiles) character file.

Game seed: 13215214077067371678

175 DenSaoPin the Chopper (level 5, 0/45 HPs)
             Began as a Hill Orc Monk on Nov 25, 2021.
             Slain by an iguana (8 damage)
             ... on level 3 of the Dungeon.
             The game lasted 00:06:57 (3812 turns).

DenSaoPin the Chopper (Hill Orc Monk)               Turns: 3812, Time: 00:06:58

Health: 0/45       AC: 11    Str: 15    XL:     5   Next: 55%
Magic:  5/5        EV:  5    Int: 10    God:
Gold:   155        SH:  0    Dex: 13    Spells: 4/4 levels left

rFire    . . .     SeeInvis .   a - +0 hand axe
rCold    . . .     Faith    .   (no shield)
rNeg     . . .     Spirit   .   g - +0 plate armour
rPois    .         Reflect  .   (no helmet)
rElec    .         Harm     .   (no cloak)
rCorr    .         Rampage  .   (no gloves)
Will     .....                  (no boots)
Stlth    ..........             (no amulet)
HPRegen  0.15/turn              (no ring)
MPRegen  0.09/turn              (no ring)

@: hasted, very quick
A: no striking features
a: no special abilities


You were on level 3 of the Dungeon.
You visited 1 branch of the dungeon, and saw 3 of its levels.

You collected 155 gold pieces.

Inventory:

Hand Weapons
 a - a +0 hand axe (weapon)
 d - a +2 short sword of flaming
Armour
 b - a +0 robe
 c - a +0 ring mail
 g - a +0 plate armour (worn)
 p - a +0 pair of gloves
Scrolls
 e - 2 scrolls of teleportation {unknown}
 h - a scroll of amnesia {unknown}
 i - 4 scrolls of identify {unknown}
 j - 3 scrolls of fear {unknown}
 k - a scroll of fog {unknown}
 m - 2 scrolls of blinking {unknown}
Potions
 l - a potion of might {unknown}
 n - 2 potions of mutation {unknown}
 o - a potion of degeneration {unknown}


   Skills:
 - Level 3.6 Fighting
 + Level 6.3 Axes
 + Level 3.8 Armour
 - Level 2.4 Dodging
 - Level 1.5 Stealth


You had 4 spell levels left.
You didn't know any spells.
Your spell library was empty.

Dungeon Overview and Level Annotations

Branches:
Dungeon (3/15)

Altars:
Elyvilon
Wu Jian


Message History

You closely miss the iguana.
The iguana is lightly wounded.
You hit the iguana.
The iguana is moderately wounded.
The iguana bites you but does no damage.
You hit the iguana.
The iguana is heavily wounded.
The iguana barely misses you.
You hit the iguana but do no damage.
The iguana is heavily wounded.
Your plate armour prevents you from hitting the iguana.
The iguana is heavily wounded.
The iguana bites you.
* * * LOW HITPOINT WARNING * * *
You hit the iguana.
The iguana is heavily wounded.
The iguana barely misses you.
You closely miss the iguana.
The iguana is heavily wounded.
You hit the iguana.
The iguana is heavily wounded.
The iguana bites you but does no damage.
You hit the iguana.
The iguana is severely wounded.
The iguana barely misses you.
You hit the iguana but do no damage.
The iguana is severely wounded.
You hit the iguana but do no damage.
The iguana is severely wounded.
The iguana bites you but does no damage.
You hit the iguana.
The iguana is severely wounded.
The iguana bites you.
* * * LOW HITPOINT WARNING * * *
You hit the iguana.
The iguana is almost dead.
You hit the iguana but do no damage.
The iguana is almost dead.
The iguana bites you!
You die...

#.#############
##########.............#
#.........############.#
#.................. #.#
#..........#######. #.#
##..........#.....# #.# #
#...........#.....# #.#
..#...........#..#..# #.#
# #.#..........l@.....#
#.#
#.#.#...........#.....#
#.#
#.#.#...........#....<#.#
#.#
#...............#.##..#.#
#.#
#......##.####).).....#.#
#.#
#......##.......#....##.#
#.#
.......##......>#.#####.#
#.# #......##.......###
#.# #.# #.......).......#
#.# #.#


You could see an iguana.

Vanquished Creatures
  A scorpion (D:3)
  Jessica (D:2)
  2 adders
  4 dart slugs
  An orc (D:3)
  8 bats
  5 endoplasms
  5 giant cockroaches
  3 goblins
  8 hobgoblins
  2 jackals (D:2)
  A quokka (D:2)
  6 ball pythons (D:2)
  3 frilled lizards
  7 kobolds
  6 rats
63 creatures vanquished.

Notes
Turn   | Place    | Note
-------+----------+-------------------------------------------
     0 | D:1      | DenSaoPin the Hill Orc Monk began the quest for the Orb.
     0 | D:1      | Reached XP level 1. HP: 19/19 MP: 1/1
   377 | D:1      | Reached skill level 1 in Armour
   377 | D:1      | Reached XP level 2. HP: 26/26 MP: 2/2
  1104 | D:1      | Reached XP level 3. HP: 30/31 MP: 3/3
  1184 | D:1      | Found a faded altar of an unknown god.
  1822 | D:2      | Found a white marble altar of Elyvilon.
  1841 | D:2      | Reached skill level 5 in Axes
  2453 | D:2      | Reached XP level 4. HP: 28/39 MP: 4/4
  2538 | D:2      | Noticed Jessica
  2553 | D:2      | Killed Jessica
  3022 | D:3      | Noticed a scorpion
  3055 | D:3      | Killed a scorpion
  3056 | D:3      | Reached skill level 6 in Axes
  3056 | D:3      | Reached XP level 5. HP: 25/45 MP: 5/5
  3383 | D:3      | Found an ornate altar of the Wu Jian Council.
  3812 | D:3      | Slain by an iguana

Illustrated notes

Levels and vault maps discovered:
D:1:      wheals_arrival_linesprint, layout_loops_corners, serial_forest,
          infiniplex_forest_straight_1, infiniplex_forest_clump_medium,
          infiniplex_forest_diagonal, infiniplex_forest_lined_3,
          infiniplex_forest_straight_3, infiniplex_forest_corner_1,
          infiniplex_forest_pool, infiniplex_forest_straight_2,
          infiniplex_forest_end_2, infiniplex_forest_side_room,
          chequers_ecumenical_altar_lobes, minmay_misc_feat_iff,
          minmay_surrounded
D:2:      layout_loops_cross, basic_altar, kennysheep_pointless_box,
          uniq_jessica
D:3:      layout_basic, nicolae_wu_jian_wuxing_cycle, okawaru_metal_pillars_1_2,
          serial_shops, nicolae_shop_crystal

Skill      XL: |  1  2  3  4 |
---------------+-------------+-----
Armour         | 1 2 3 |  3.8
Axes           | 5 6 |  6.3
Fighting       | |  3.6
Dodging        | |  2.4
Stealth        | |  1.5

Action                   |  1- 3 |  4- 6 || total
-------------------------+-------+-------++-------
Melee: Hand axe          |   141 |   130 ||   271
  Use: Potion            |       |     4 ||     4
 Stab: Sleeping          |     2 |       ||     2
Armor: Ring mail         |    53 |    36 ||    89
       Skin              |       |    13 ||    13
       Plate armour      |       |    16 ||    16
Dodge: Dodged            |    96 |    49 ||   145
